| TOP OF THE 1ST |
|
Helena Brewers batting - Pitching for Philadelphia (APP) Phillies : LHP Gilg Martin
|
|
Pitching: LHP Gilg Martin
|
|
|
Batting: RHB Jeremy Harden
|
0-0: Swinging Strike 0-1: Foul Ball, location: 2F 0-2: Ball 1-2: Foul Ball, location: 2F 1-2: Foul Ball, location: 2F 1-2: Ball 2-2: Ground out 4-3 (Groundball, 34D, EV 85.0 MPH)
|
|
Batting: RHB Jesus Menjivar
|
0-0: Called Strike 0-1: Ball 1-1: Ground out 5-3 (Groundball, 5L, EV 91.2 MPH)
|
|
Batting: LHB Fumito Sakurai
|
0-0: Ball 1-0: Foul Ball, location: 2F 1-1: Swinging Strike 1-2: Strikes out looking
|
| Top of the 1st over - 0 runs, 0 hits, 0 errors, 0 left on base; Helena 0 - Philadelphia (APP) 0 |
| BOTTOM OF THE 1ST |
|
Philadelphia (APP) Phillies batting - Pitching for Helena Brewers : LHP Taek-hyun Kim
|
|
Pitching: LHP Taek-hyun Kim
|
|
|
Batting: RHB Juan Valadez
|
0-0: Ball 1-0: Ball 2-0: Foul Ball, location: 2F 2-1: Ball 3-1: Foul Ball, location: 2F 3-2: Ground out 4-3 (Groundball, 4, EV 84.4 MPH)
|
|
Batting: RHB Dave Gallegos
|
0-0: Called Strike 0-1: Ball 1-1: Foul Ball, location: 2F 1-2: Ball 2-2: Ground out 6-3 (Groundball, 6, EV 88.8 MPH)
|
|
Batting: LHB Rich Kuehne
|
0-0: SINGLE (Line Drive, 6D, EV 109.4 MPH)
|
|
Batting: SHB Brett St. Clair
|
0-0: Ball 1-0: 2-RUN HOME RUN (Flyball, 78XD, EV 116.9 MPH), Distance : 464 ft
|
|
Batting: RHB Joel Gomez
|
0-0: Called Strike 0-1: Called Strike 0-2: Strikes out swinging
|
| Bottom of the 1st over - 2 runs, 2 hits, 0 errors, 0 left on base; Helena 0 - Philadelphia (APP) 2 |
| TOP OF THE 2ND |
|
Helena Brewers batting - Pitching for Philadelphia (APP) Phillies : LHP Gilg Martin
|
|
Batting: RHB Xiao-shuang Au
|
0-0: Called Strike 0-1: Ball 1-1: Ball 2-1: Foul Ball, location: 2F 2-2: Ground out 5-3 (Groundball, 56, EV 78.8 MPH)
|
|
Batting: LHB Greg Reedy
|
0-0: Called Strike 0-1: Ground out 4-3 (Groundball, 4, EV 77.5 MPH)
|
|
Batting: RHB Curtis Montgomery
|
0-0: Called Strike 0-1: Ball 1-1: Ball 2-1: Ball 3-1: Called Strike 3-2: Base on Balls
|
|
Batting: LHB Alex Chairez
|
0-0: Ball 1-0: Ball 2-0: Called Strike 2-1: SINGLE (Line Drive, 9S, EV 108.1 MPH) Curtis Montgomery to second
|
|
Batting: RHB Drew Forbess
|
0-0: Ball 1-0: Called Strike 1-1: Foul Ball, location: 2F 1-2: Foul Ball, location: 2F 1-2: Ball 2-2: Ball 3-2: Foul Ball, location: 2F 3-2: Strikes out swinging
|
| Top of the 2nd over - 0 runs, 1 hit, 0 errors, 2 left on base; Helena 0 - Philadelphia (APP) 2 |
| BOTTOM OF THE 2ND |
|
Philadelphia (APP) Phillies batting - Pitching for Helena Brewers : LHP Taek-hyun Kim
|
|
Batting: RHB Rafael Soto
|
0-0: Ball 1-0: SINGLE (Groundball, 4D, EV 111.2 MPH)
|
|
Batting: RHB Allen Deschamps
|
0-0: Ball 1-0: Swinging Strike 1-1: Ball 2-1: Ball 3-1: Fly out, F8 (Line Drive, 8RS, EV 91.9 MPH)
|
|
Batting: RHB Miguel Vazquez
|
0-0: Grounds into double play, 5-4-3 (Groundball, 56S, EV 85.0 MPH)
|
| Bottom of the 2nd over - 0 runs, 1 hit, 0 errors, 0 left on base; Helena 0 - Philadelphia (APP) 2 |
| TOP OF THE 3RD |
|
Helena Brewers batting - Pitching for Philadelphia (APP) Phillies : LHP Gilg Martin
|
|
Batting: RHB Mohammed bin Ubaida
|
0-0: Foul Ball, location: 2F 0-1: Ball 1-1: Called Strike 1-2: Ball 2-2: Ball 3-2: Foul Ball, location: 2F 3-2: Base on Balls
|
|
Batting: RHB Jeremy Harden
|
0-0: Ball Wild Pitch! Mohammed bin Ubaida to second 1-0: Ball 2-0: Called Strike 2-1: Ground out 4-3 (Groundball, 34, EV 100.6 MPH) Mohammed bin Ubaida to third
|
|
Batting: RHB Jesus Menjivar
|
0-0: Ball 1-0: Ball 2-0: Ball 3-0: Called Strike 3-1: Foul Ball, location: 2F 3-2: Ground out 2-3 (Groundball, 15S, EV 70.0 MPH)
|
|
Batting: LHB Fumito Sakurai
|
0-0: Ground out 4-3 (Groundball, 4, EV 90.0 MPH)
|
| Top of the 3rd over - 0 runs, 0 hits, 0 errors, 1 left on base; Helena 0 - Philadelphia (APP) 2 |
| BOTTOM OF THE 3RD |
|
Philadelphia (APP) Phillies batting - Pitching for Helena Brewers : LHP Taek-hyun Kim
|
|
Batting: LHB Travis Hahn
|
0-0: Called Strike 0-1: Ball 1-1: Swinging Strike 1-2: Foul Ball, location: 2F 1-2: Strikes out swinging
|
|
Batting: RHB Juan Valadez
|
0-0: Ball 1-0: Ball 2-0: Ball 3-0: Called Strike 3-1: Base on Balls
|
|
Batting: RHB Dave Gallegos
|
0-0: Ball 1-0: Called Strike 1-1: Grounds into double play, 5-4-3 (Groundball, 56S, EV 85.6 MPH)
|
| Bottom of the 3rd over - 0 runs, 0 hits, 0 errors, 0 left on base; Helena 0 - Philadelphia (APP) 2 |
| TOP OF THE 4TH |
|
Helena Brewers batting - Pitching for Philadelphia (APP) Phillies : LHP Gilg Martin
|
|
Batting: RHB Xiao-shuang Au
|
0-0: Swinging Strike 0-1: Foul Ball, location: 2F 0-2: Ball 1-2: Ball 2-2: Ball 3-2: Strikes out swinging
|
|
Batting: LHB Greg Reedy
|
0-0: Ball 1-0: Fly out, F8 (Flyball, 8LXD, EV 104.4 MPH)
|
|
Batting: RHB Curtis Montgomery
|
0-0: Called Strike 0-1: Ball 1-1: Foul Ball, location: 2F 1-2: Strikes out swinging
|
| Top of the 4th over - 0 runs, 0 hits, 0 errors, 0 left on base; Helena 0 - Philadelphia (APP) 2 |
| BOTTOM OF THE 4TH |
|
Philadelphia (APP) Phillies batting - Pitching for Helena Brewers : LHP Taek-hyun Kim
|
|
Batting: LHB Rich Kuehne
|
0-0: Ball 1-0: Foul Ball, location: 2F 1-1: Called Strike 1-2: Foul Ball, location: 2F 1-2: Ball 2-2: Ball 3-2: Base on Balls
|
|
Batting: SHB Brett St. Clair
|
0-0: Ball 1-0: Foul Ball, location: 2F 1-1: Ball 2-1: Foul Ball, location: 2F 2-2: Fielders Choice at 2nd, 6-4 (Groundball, 56, EV 89.4 MPH)
|
|
Batting: RHB Joel Gomez
|
0-0: Called Strike 0-1: Swinging Strike 0-2: Strikes out swinging
|
|
Batting: RHB Rafael Soto
|
0-0: Foul Ball, location: 2F 0-1: Fly out, F8 (Flyball, 78S, EV 83.1 MPH)
|
| Bottom of the 4th over - 0 runs, 0 hits, 0 errors, 1 left on base; Helena 0 - Philadelphia (APP) 2 |
| TOP OF THE 5TH |
|
Helena Brewers batting - Pitching for Philadelphia (APP) Phillies : LHP Gilg Martin
|
|
Batting: LHB Alex Chairez
|
0-0: Called Strike 0-1: Foul Ball, location: 2F 0-2: DOUBLE (Flyball, 8LXD, EV 91.9 MPH)
|
|
Batting: RHB Drew Forbess
|
0-0: Ground out U3 (Groundball, 3, EV 88.8 MPH) Alex Chairez to third
|
|
Batting: RHB Mohammed bin Ubaida
|
0-0: Ball 1-0: Called Strike 1-1: Ball 2-1: Foul Ball, location: 2F 2-2: Strikes out swinging
|
|
Batting: RHB Jeremy Harden
|
0-0: Ball 1-0: Ball 2-0: SINGLE (Groundball, 6MD, EV 106.9 MPH) Alex Chairez scores
|
|
Batting: RHB Jesus Menjivar
|
0-0: Ball 1-0: Ball 2-0: Ball Jeremy Harden steals 2nd base 3-0: Base on Balls
|
|
Pitching: LHP Marc Haigler
|
|
|
Batting: LHB Fumito Sakurai
|
0-0: Ball 1-0: Ball 2-0: Foul Ball, location: 2F 2-1: Ball 3-1: Base on Balls Jeremy Harden to third Jesus Menjivar to second
|
|
Batting: RHB Xiao-shuang Au
|
0-0: Called Strike 0-1: Ball 1-1: Swinging Strike 1-2: Hit by Pitch Jeremy Harden scores Jesus Menjivar to third Fumito Sakurai to second
|
|
Batting: LHB Greg Reedy
|
0-0: Swinging Strike 0-1: Called Strike 0-2: Strikes out looking
|
| Top of the 5th over - 2 runs, 2 hits, 0 errors, 3 left on base; Helena 2 - Philadelphia (APP) 2 |
| BOTTOM OF THE 5TH |
|
Philadelphia (APP) Phillies batting - Pitching for Helena Brewers : LHP Taek-hyun Kim
|
|
Batting: RHB Allen Deschamps
|
0-0: Ball 1-0: Ball 2-0: SINGLE (Groundball, 56D, EV 102.5 MPH)
|
|
Batting: RHB Miguel Vazquez
|
0-0: Called Strike 0-1: Ball 1-1: Fly out, F6 (Line Drive, 6, EV 66.9 MPH)
|
|
Batting: LHB Travis Hahn
|
0-0: Called Strike 0-1: Ball 1-1: Called Strike 1-2: Ball 2-2: Strikes out looking
|
|
Batting: RHB Juan Valadez
|
0-0: Called Strike 0-1: Foul Ball, location: 2F 0-2: Ball 1-2: Foul Ball, location: 2F 1-2: Strikes out swinging
|
| Bottom of the 5th over - 0 runs, 1 hit, 0 errors, 1 left on base; Helena 2 - Philadelphia (APP) 2 |
| TOP OF THE 6TH |
|
Helena Brewers batting - Pitching for Philadelphia (APP) Phillies : LHP Marc Haigler
|
|
Batting: RHB Curtis Montgomery
|
0-0: Called Strike 0-1: Ball 1-1: DOUBLE (Line Drive, 89D, EV 105.0 MPH)
|
|
Batting: LHB Alex Chairez
|
0-0: Ball 1-0: Called Strike 1-1: 2-RUN HOME RUN (Flyball, 9D, EV 92.5 MPH), Distance : 346 ft
|
|
Batting: RHB Drew Forbess
|
0-0: Called Strike 0-1: Swinging Strike 0-2: Ball 1-2: Ball 2-2: Ball 3-2: SOLO HOME RUN (Flyball, 9D, EV 93.8 MPH), Distance : 345 ft
|
|
Pitching: RHP Franck Basset
|
|
|
Batting: RHB Mohammed bin Ubaida
|
0-0: Swinging Strike 0-1: Ball 1-1: Foul Ball, location: 2F 1-2: Foul Ball, location: 2F 1-2: Foul Ball, location: 2F 1-2: Ball 2-2: Ball 3-2: Ground out U3 (Groundball, 34S, EV 87.5 MPH)
|
|
Batting: RHB Jeremy Harden
|
0-0: Ball 1-0: Foul Ball, location: 2F 1-1: Ground out 6-3 (Groundball, 6, EV 104.4 MPH)
|
|
Batting: RHB Jesus Menjivar
|
0-0: SOLO HOME RUN (Flyball, 7D, EV 97.5 MPH), Distance : 358 ft
|
|
Batting: LHB Fumito Sakurai
|
0-0: Swinging Strike 0-1: Ball 1-1: Foul Ball, location: 2F 1-2: Strikes out swinging
|
| Top of the 6th over - 4 runs, 4 hits, 0 errors, 0 left on base; Helena 6 - Philadelphia (APP) 2 |
| BOTTOM OF THE 6TH |
|
Philadelphia (APP) Phillies batting - Pitching for Helena Brewers : LHP Taek-hyun Kim
|
|
Batting: RHB Dave Gallegos
|
0-0: Called Strike 0-1: DOUBLE (Groundball, 5L, EV 103.8 MPH)
|
|
Batting: LHB Rich Kuehne
|
0-0: Ball 1-0: Foul Ball, location: 2F 1-1: DOUBLE (Line Drive, 7LS, EV 95.6 MPH) Dave Gallegos scores
|
|
Batting: SHB Brett St. Clair
|
0-0: Ball 1-0: Called Strike 1-1: Foul Ball, location: 2F 1-2: Ground out 4-3 (Groundball, 4S, EV 70.0 MPH) Rich Kuehne to third
|
|
Batting: RHB Joel Gomez
|
0-0: Swinging Strike 0-1: Called Strike 0-2: Ball 1-2: Ball 2-2: Strikes out swinging
|
|
Batting: RHB Rafael Soto
|
0-0: Ball 1-0: Ball 2-0: SINGLE (Flyball, 34D, EV 91.2 MPH) Rich Kuehne scores
|
|
Batting: RHB Allen Deschamps
|
0-0: Ball 1-0: Ball 2-0: Called Strike 2-1: Ball 3-1: 2-RUN HOME RUN (Line Drive, 7D, EV 99.4 MPH), Distance : 377 ft
|
|
Batting: RHB Miguel Vazquez
|
0-0: Ground out U3 (Groundball, 3S, EV 79.4 MPH)
|
| Bottom of the 6th over - 4 runs, 4 hits, 0 errors, 0 left on base; Helena 6 - Philadelphia (APP) 6 |
| TOP OF THE 7TH |
|
Helena Brewers batting - Pitching for Philadelphia (APP) Phillies : RHP Franck Basset
|
|
Batting: RHB Xiao-shuang Au
|
0-0: Called Strike 0-1: Ball 1-1: Ball 2-1: Ball 3-1: Called Strike 3-2: Foul Ball, location: 2F 3-2: SOLO HOME RUN (Flyball, 7D, EV 105.6 MPH), Distance : 398 ft
|
|
Pitching: RHP Hugo Rodriguez
|
|
|
Batting: LHB Greg Reedy
|
0-0: Swinging Strike 0-1: Foul Ball, location: 2F 0-2: Ball 1-2: DOUBLE (Groundball, 5L, EV 96.2 MPH)
|
|
Batting: RHB Curtis Montgomery
|
0-0: Ball 1-0: Ground out 5-3 (Groundball, 56S, EV 90.6 MPH)
|
|
Batting: LHB Alex Chairez
|
0-0: Ground out U3 (Groundball, 3L, EV 105.6 MPH) Greg Reedy to third
|
|
Batting: RHB Drew Forbess
|
0-0: Ball 1-0: Ball Wild Pitch! Greg Reedy scores 2-0: Ball 3-0: Base on Balls
|
|
Batting: RHB Mohammed bin Ubaida
|
0-0: Foul Ball, location: 2F 0-1: Ball 1-1: SINGLE (Groundball, 56D, EV 109.4 MPH) Drew Forbess to second
|
|
Batting: RHB Jeremy Harden
|
0-0: Called Strike 0-1: Fielders Choice at 2nd, 6-4 (Groundball, 6, EV 81.9 MPH)
|
| Top of the 7th over - 2 runs, 3 hits, 0 errors, 2 left on base; Helena 8 - Philadelphia (APP) 6 |
| BOTTOM OF THE 7TH |
|
Philadelphia (APP) Phillies batting - Pitching for Helena Brewers : LHP Taek-hyun Kim
|
|
Batting: LHB Travis Hahn
|
0-0: Foul Ball, location: 2F 0-1: Foul Ball, location: 2F 0-2: Ground out 5-3 (Groundball, 5, EV 108.8 MPH)
|
|
Batting: RHB Juan Valadez
|
0-0: Ground out 5-3 (Groundball, 56, EV 101.9 MPH)
|
|
Batting: RHB Dave Gallegos
|
0-0: Ball 1-0: Foul Ball, location: 2F 1-1: Foul Ball, location: 2F 1-2: Fly out, F9 (Flyball, 9D, EV 97.5 MPH)
|
| Bottom of the 7th over - 0 runs, 0 hits, 0 errors, 0 left on base; Helena 8 - Philadelphia (APP) 6 |
| TOP OF THE 8TH |
|
Helena Brewers batting - Pitching for Philadelphia (APP) Phillies : RHP Hugo Rodriguez
|
|
Batting: RHB Jesus Menjivar
|
0-0: Ball 1-0: Foul Ball, location: 2F 1-1: Ball 2-1: Ball 3-1: Foul Ball, location: 2F 3-2: Foul Ball, location: 2F 3-2: Base on Balls
|
|
Pitching: RHP Bobby Acevedo
|
|
|
Batting: LHB Fumito Sakurai
|
0-0: Called Strike Jesus Menjivar steals 2nd base 0-1: Foul Ball, location: 2F 0-2: Ball Wild Pitch! Jesus Menjivar to third 1-2: Ball 2-2: Foul Ball, location: 2F 2-2: Ball 3-2: Base on Balls
|
|
Batting: RHB Xiao-shuang Au
|
0-0: Ball Fumito Sakurai is caught stealing 2nd base 2-4 1-0: Ground out 5-3 (Groundball, 56, EV 95.0 MPH) Jesus Menjivar scores
|
|
Batting: LHB Greg Reedy
|
0-0: Ball 1-0: SOLO HOME RUN (Flyball, 9D, EV 92.5 MPH), Distance : 352 ft
|
|
Batting: RHB Curtis Montgomery
|
0-0: Foul Ball, location: 2F 0-1: Ball 1-1: Called Strike 1-2: SINGLE (Line Drive, 6D, EV 96.2 MPH)
|
|
Batting: LHB Alex Chairez
|
0-0: Called Strike 0-1: SINGLE (Line Drive, 8RS, EV 97.5 MPH) Curtis Montgomery to second
|
|
Batting: RHB Drew Forbess
|
0-0: Called Strike 0-1: Foul Ball, location: 2F 0-2: Ball 1-2: Foul Ball, location: 2F 1-2: 3-RUN HOME RUN (Flyball, 7D, EV 93.1 MPH), Distance : 358 ft
|
|
Pitching: LHP Ray Paul
|
|
|
Batting: RHB Mohammed bin Ubaida
|
0-0: Ball 1-0: Ball 2-0: Called Strike 2-1: Swinging Strike 2-2: Foul Ball, location: 2F 2-2: Strikes out swinging
|
| Top of the 8th over - 5 runs, 4 hits, 0 errors, 0 left on base; Helena 13 - Philadelphia (APP) 6 |
| BOTTOM OF THE 8TH |
|
Philadelphia (APP) Phillies batting - Pitching for Helena Brewers : LHP Taek-hyun Kim
|
|
Batting: LHB Rich Kuehne
|
0-0: Ball 1-0: Ball 2-0: Swinging Strike 2-1: Called Strike 2-2: Strikes out swinging
|
|
Batting: SHB Brett St. Clair
|
0-0: Fly out, F7 (Line Drive, 7D, EV 85.6 MPH)
|
|
Batting: RHB Joel Gomez
|
0-0: SOLO HOME RUN (Flyball, 9LD, EV 89.4 MPH), Distance : 327 ft
|
|
Pitching: RHP Tony Valdez
|
|
|
Batting: RHB Rafael Soto
|
0-0: Called Strike 0-1: Swinging Strike 0-2: Ball 1-2: Foul Ball, location: 2F 1-2: Foul Ball, location: 2F 1-2: Strikes out swinging
|
| Bottom of the 8th over - 1 run, 1 hit, 0 errors, 0 left on base; Helena 13 - Philadelphia (APP) 7 |
| TOP OF THE 9TH |
|
Helena Brewers batting - Pitching for Philadelphia (APP) Phillies : LHP Ray Paul
|
|
Batting: RHB Jeremy Harden
|
0-0: Ball 1-0: Called Strike 1-1: Ball 2-1: SOLO HOME RUN (Flyball, 7D, EV 100.0 MPH), Distance : 373 ft
|
|
Batting: RHB Jesus Menjivar
|
0-0: Ball 1-0: Foul Ball, location: 2F 1-1: SINGLE (Line Drive, 7S, EV 100.6 MPH)
|
|
Batting: LHB Fumito Sakurai
|
0-0: Fly out, F7 (Flyball, 7D, EV 99.4 MPH)
|
|
Batting: RHB Xiao-shuang Au
|
0-0: Ball 1-0: Ball Wild Pitch! Jesus Menjivar to second 2-0: Ball 3-0: Base on Balls
|
|
Pitching: RHP Tim Starks
|
|
|
Batting: LHB Greg Reedy
|
0-0: Ball 1-0: Ball 2-0: Called Strike 2-1: Foul Ball, location: 2F 2-2: Ball 3-2: SINGLE (Line Drive, 89S, EV 99.4 MPH) Jesus Menjivar to third Xiao-shuang Au to second
|
|
Pinch Hitting: RHB Steve Errico
|
0-0: Ball 1-0: Called Strike 1-1: Foul Ball, location: 2F 1-2: Ball 2-2: Foul Ball, location: 2F 2-2: Foul Ball, location: 2F 2-2: DOUBLE (Flyball, 78D, EV 110.6 MPH) Jesus Menjivar scores Xiao-shuang Au scores Greg Reedy to third
|
|
Batting: LHB Alex Chairez
|
0-0: Foul Ball, location: 2F 0-1: Ball 1-1: Ball 2-1: Ball 3-1: Base on Balls
|
|
Pitching: RHP Dave Gomez
|
|
|
Batting: RHB Drew Forbess
|
0-0: Ball 1-0: Ball 2-0: Ball 3-0: Base on Balls Greg Reedy scores Steve Errico to third Alex Chairez to second
|
|
Batting: RHB Mohammed bin Ubaida
|
0-0: Ball 1-0: Ball 2-0: Called Strike 2-1: Foul Ball, location: 2F 2-2: Reached on error, E6 (Groundball, 6, EV 103.8 MPH) Steve Errico scores Alex Chairez to third Drew Forbess to second
|
|
Pinch Hitting: LHB Danny Bautista
|
0-0: Ball 1-0: Called Strike 1-1: Ball 2-1: GRAND SLAM HOME RUN (Flyball, 89XD, EV 108.1 MPH), Distance : 385 ft
|
|
Batting: RHB Jesus Menjivar
|
0-0: Swinging Strike 0-1: Foul Ball, location: 2F 0-2: Ball 1-2: SOLO HOME RUN (Flyball, 7LD, EV 89.4 MPH), Distance : 339 ft
|
|
Batting: LHB Fumito Sakurai
|
0-0: Ball 1-0: Foul Ball, location: 2F 1-1: Fly out, F8 (Flyball, 8LS, EV 87.5 MPH)
|
|
Pitching: RHP Victor Estrada
|
|
|
Batting: RHB Xiao-shuang Au
|
0-0: Ball 1-0: Swinging Strike 1-1: Called Strike 1-2: Ball 2-2: Strikes out swinging
|
| Top of the 9th over - 10 runs, 6 hits, 1 error, 0 left on base; Helena 23 - Philadelphia (APP) 7 |
| BOTTOM OF THE 9TH |
|
Philadelphia (APP) Phillies batting - Pitching for Helena Brewers : RHP Tony Valdez
|
|
Now at C: Steve Errico
|
|
|
Now in LF: Danny Bautista
|
|
|
Batting: RHB Allen Deschamps
|
0-0: Ball 1-0: Foul Ball, location: 2F 1-1: Ball 2-1: Ground out 6-3 (Groundball, 6, EV 85.6 MPH)
|
|
Pinch Hitting: LHB Jonathan Roman
|
0-0: Ball 1-0: Called Strike 1-1: Foul Ball, location: 2F 1-2: Strikes out swinging
|
|
Batting: LHB Travis Hahn
|
0-0: Called Strike 0-1: Ball 1-1: Ground out U3 (Groundball, 3, EV 87.5 MPH)
|
| Bottom of the 9th over - 0 runs, 0 hits, 0 errors, 0 left on base; Helena 23 - Philadelphia (APP) 7 |
|